 Dungeon Crawl Stone Soup version 0.20-a0-513-g02c11fc (webtiles) character file.

1208 kuniqs the Skirmisher (level 8, -5/68 HPs)
             Began as a Barachian Gladiator on Jan 22, 2017.
             Was an Initiate of Okawaru.
             Killed by divine providence
             ... invoked by an orc priest
              (17 damage)
             ... on level 5 of the Dungeon.
             The game lasted 00:14:22 (5534 turns).

kuniqs the Skirmisher (Barachian Gladiator)         Turns: 5534, Time: 00:14:23

Health: -5/68      AC:  9    Str: 14    XL:     8   Next: 45%
Magic:  9/9        EV: 14    Int:  6    God:    Okawaru [......]
Gold:   184        SH:  0    Dex: 13    Spells: 7/7 levels left

rFire    . . .     SeeInvis .   n - +4 quarterstaff (chaos)
rCold    . . .     Gourm    .   r - +0 ring mail
rNeg     . . .     Faith    .   (shield currently unavailable)
rPois    .         Spirit   .   c - +0 helmet
rElec    .         Reflect  .   w - +2 cloak
rCorr    .         Harm     .   (no gloves)
MR       .....                  (no boots)
Stlth    +.........             (no amulet)
Regen    0.3/turn               (no ring)
                                (no ring)

@: drained, slow
A: swims, slowness 1, strong legs 1
a: Hop, Renounce Religion


You were on level 5 of the Dungeon.
You worshipped Okawaru.
Okawaru was noncommittal.
You were not hungry.

You visited 2 branches of the dungeon, and saw 6 of its levels.

You collected 184 gold pieces.

Inventory:

Hand Weapons
 a - a +0 rapier
 l - a +8 club
 n - a +4 quarterstaff of chaos (weapon)
Missiles
 h - 2 throwing nets
 p - 5 javelins (quivered)
 s - 3 tomahawks
Armour
 c - a +0 helmet (worn)
 r - a +0 ring mail (worn)
 w - a +2 cloak (worn)
Scrolls
 b - a scroll of immolation {unknown}
 g - a scroll of fog {unknown}
 i - 2 scrolls of random uselessness {unknown}
 j - 2 scrolls of amnesia {unknown}
 k - a scroll of remove curse {unknown}
 m - 2 scrolls of recharging {unknown}
 o - a scroll of teleportation {unknown}
 q - 4 scrolls of identify {unknown}
 u - a scroll of magic mapping {unknown}
 v - a scroll of noise {unknown}
Potions
 t - a potion of brilliance
Comestibles
 d - 2 bread rations
 e - 5 meat rations
 f - 8 fruits
 x - a royal jelly


   Skills:
 + Level 7.6(7.4) Fighting
 - Level 3.0(2.7) Short Blades
 - Level 1.7(1.5) Throwing
 + Level 7.4(7.2) Dodging
 + Level 2.3(2.1) Invocations


You had 7 spell levels left.
You didn't know any spells.

Dungeon Overview and Level Annotations

Branches:
Dungeon (5/15)             Temple (1/1) D:4

Altars:
Dithmenos
Elyvilon
Fedhas
Gozag
Hepliaklqana
Kikubaaqudgha
Nemelex Xobeh
Okawaru
Qazlal
Ru
Sif Muna
Trog
Uskayaw
Vehumet
Xom
Yredelemnul
Zin
The Shining One


Innate Abilities, Weirdness & Mutations

You can swim through water.
You cover ground slowly.
You can hop short distances.


Message History

An orc comes into view. It is wielding a trident.
The orc shouts!
The orc priest invokes the aid of Beogh against you.
Beogh smites you!
You closely miss the orc priest. The orc priest closely misses you.
The orc hits you but does no damage.
You barely miss the orc priest. The orc priest completely misses you.
The orc misses you. The orc barely misses you.
The orc priest mumbles some strange prayers to Beogh against you.
You struggle to resist.
You hit the orc priest. You burn the orc priest. The orc closely misses you.
The orc barely misses you.
The orc priest invokes the aid of Beogh against you.
Pain shoots through your body!
* * * LOW HITPOINT WARNING * * *
The orc barely misses you.
You barely miss the orc priest. The orc misses you.
The orc priest mumbles some strange prayers to Beogh against you.
Beogh smites you!
You die...

#.. ........# #...
........# #.... ........
.....##.....##.... ..
#....#........?... ..#
.....o.......... #
#...##.#..oo......... .#
#.#.#..#..@......$...
..#####.#.#.##...>.........
...<.......................
##...##.##..##......!..!...
###....##...†.............
###..###.###......##....
#..###.# #..#..## ###
##..##.# #.#####
#.....###.#


You could see an orc priest and 2 orcs.

Vanquished Creatures
  Pikel (D:3)
  A slave (D:3)
  A phantom (D:4)
  A scorpion (D:5)
  4 howler monkeys
  2 orc priests
  Crazy Yiuf (D:4)
  3 orc wizards (D:4)
  Jessica (D:3)
  2 worker ants (D:4)
  Robin (D:4)
  8 adders
  An adder zombie (D:5)
  An adder skeleton (D:2)
  4 worms
  2 dart slugs
  6 leopard geckos
  10 orcs
  A bat skeleton (D:2)
  A bat zombie (D:2)
  5 giant cockroaches
  25 goblins
  13 hobgoblins
  2 jackals (D:3)
  8 kobolds
  2 quokkas
  A ball python (D:2)
  9 bats
  3 frilled lizards (D:3)
  A giant cockroach zombie (D:2)
  10 rats
  A fungus (D:4)
132 creatures vanquished.

Vanquished Creatures (others)
  2 slaves (D:4)
  A quokka (D:4)
3 creatures vanquished.

Grand Total: 135 creatures vanquished

Notes
Turn   | Place    | Note
-------+----------+-------------------------------------------
     0 | D:1      | kuniqs the Barachian Gladiator began the quest for the Orb.
     0 | D:1      | Reached XP level 1. HP: 16/16 MP: 1/1
    95 | D:1      | Reached XP level 2. HP: 18/23 MP: 2/2
   677 | D:2      | Reached XP level 3. HP: 26/29 MP: 3/3
   932 | D:2      | Found a stormy altar of Qazlal.
   935 | D:2      | Found a shimmering altar of Xom.
   989 | D:2      | Reached XP level 4. HP: 31/35 MP: 4/4
  1609 | D:2      | Found a radiant altar of Vehumet.
  1902 | D:3      | Found a hide-covered altar of Uskayaw.
  2089 | D:3      | Reached XP level 5. HP: 39/42 MP: 5/5
  2623 | D:3      | Noticed Jessica
  2629 | D:3      | Killed Jessica
  2843 | D:3      | Reached skill level 5 in Dodging
  3135 | D:3      | Reached XP level 6. HP: 39/50 MP: 6/6
  3355 | D:4      | Reached skill level 5 in Fighting
  3415 | D:4      | Noticed a slave
  3416 | D:4      | Noticed Pikel
  3419 | D:4      | Noticed a slave
  3444 | D:3      | Killed a slave
  3747 | D:4      | Noticed a slave
  3748 | D:4      | Noticed a slave
  3811 | D:3      | Killed Pikel
  3811 | D:3      | Reached XP level 7. HP: 10/60 MP: 7/7
  3811 | D:3      | Reached XP level 8. HP: 11/67 MP: 8/8
  4112 | D:4      | Found a staircase to the Ecumenical Temple.
  4122 | D:4      | Noticed Robin
  4198 | D:4      | Found a white marble altar of Elyvilon.
  4266 | Temple   | Entered the Ecumenical Temple
  4336 | Temple   | Became a worshipper of Warmaster Okawaru
  4372 | D:4      | Killed Robin
  4500 | D:4      | Reached skill level 1 in Invocations
  5067 | D:4      | Found a runed door.
  5071 | D:4      | Noticed Crazy Yiuf
  5127 | D:4      | Killed Crazy Yiuf
  5462 | D:5      | Entered Level 5 of the Dungeon
  5534 | D:5      | Killed from afar by an orc priest

Vault maps used:
D:1:      dpeg_arrival_fog
D:2:      cheibrodos_greedy_goblins, marbit_many_paths,
          grunt_temple_overflow_open, serial_undead, serial_undead_e,
          serial_undead_e, serial_undead_a, serial_undead_b
D:3:      old_standard_altar, uniq_jessica
D:4:      first_bread, minmay_misc_feat_alley, elyvilon_altar_1, uniq_pikel,
          uniq_robin, uniq_crazy_yiuf_cottage
D:5:      minmay_misc_feat_diagonals, patterned_corridor
Temple:   eino_temple_water

Skill      XL: |  1  2  3  4  5  6  7  8 |
---------------+-------------------------+-----
Fighting       | 3 4 7 |  7.6
Dodging        | 4 5 6 7 |  7.4
Invocations    | 2 |  2.3
Short Blades   | |  3.0
Throwing       | |  1.7

Action                   |  1- 3 |  4- 6 |  7- 9 || total
-------------------------+-------+-------+-------++-------
Melee: Rapier            |   119 |   307 |    42 ||   468
       Club              |       |       |    63 ||    63
       Quarterstaff      |       |       |    15 ||    15
Throw: Javelin           |       |    19 |     9 ||    28
       Throwing net      |       |     3 |       ||     3
 Abil: Hop               |       |     3 |     1 ||     4
  Use: Potion            |       |     4 |     1 ||     5
 Stab: Sleeping          |     1 |       |       ||     1
  Eat: Chunk             |     1 |    10 |     6 ||    17
Armor: Leather armour    |    46 |    29 |       ||    75
       Ring mail         |       |    49 |    22 ||    71
Dodge: Dodged            |   110 |   179 |    73 ||   362
